 Dungeon Crawl Stone Soup version 0.18-a0-1014-g3bbf375 (webtiles) character file.

106 Duffy the Cudgeler (level 4, -2/42 HPs)
             Began as a Naga Fighter on Jan 6, 2016.
             Was an Initiate of Ashenzari.
             Slain by an adder (3 damage)
             ... on level 4 of the Dungeon.
             The game lasted 00:03:31 (3772 turns).

Duffy the Cudgeler (Naga Fighter)                   Turns: 3772, Time: 00:03:31

Health: -2/42      AC:  4    Str: 18    XL:     4   Next: 84%
Magic:  4/4        EV:  5    Int:  9    God:    Ashenzari [......]
Gold:   141        SH:  8    Dex: 11    Spells: 0 memorised, 3 levels left

rFire  + . .     SeeInvis +     a - +0 flail
rCold  . . .     Gourm    .     i - +0 scale mail
rNeg   . . .     Faith    .     c - +0 shield
rPois  +         Spirit   .     (no helmet)
rElec  .         Dismiss  .     (no cloak)
rCorr  .         Reflect  .     (no gloves)
SustAt .         Harm     .     (no barding)
MR     .....                    (no amulet)
Stlth  ..........               (no ring)
                                o - ring of protection from fire (curse)

@: very slow, not resistant to hostile enchantments, extremely unstealthy
A: see invisible, deformed body, poison resistance, slowness 2, slow metabolism
1, spit poison 2, AC +1
a: Spit Poison, Renounce Religion


You were on level 4 of the Dungeon.
You worshipped Ashenzari.
Ashenzari was noncommittal.
You were very hungry.

You visited 1 branch of the dungeon, and saw 4 of its levels.

You collected 141 gold pieces.


Innate Abilities, Weirdness & Mutations

You cannot wear boots.
Your serpentine skin is tough (AC +1).
You have supernaturally acute eyesight.
Armour fits poorly on your strangely shaped body.
Your system is resistant to poisons.
You cover ground very slowly.
You have a slow metabolism.
You can spit poison.


   Skills:
 - Level 3.0 Fighting
 + Level 4.8 Maces & Flails
 - Level 2.4 Armour
 - Level 2.4 Shields


You had 3 spell levels left.
You didn't know any spells.

Inventory:

Hand Weapons
 a - a +0 flail (weapon)
 b - a +0 dagger of venom
Armour
 c - a +0 shield (worn)
 i - a +0 scale mail (worn)
 m - a troll hide
Jewellery
 o - a cursed ring of protection from fire (left hand)
 s - an uncursed ring of wizardry
Scrolls
 e - 3 scrolls of identify {unknown}
 j - 2 scrolls of remove curse
 l - a scroll of teleportation {unknown}
 n - a scroll of enchant weapon {unknown}
 p - 2 scrolls of curse armour
Potions
 d - a potion of might
 q - a potion of curing
 r - a potion of invisibility {unknown}
Comestibles
 f - 2 bread rations
 g - a meat ration
 h - a beef jerky

Dungeon Overview and Level Annotations

Branches:
Dungeon (4/15)
 Temple: D:4-7

Altars:
Ashenzari
Yredelemnul

Annotations:
D:3 nubinia's ghost, amateur DsNe


Message History

The jackal bites you but does no damage.
The adder bites you. You block the jackal's attack.
The jackal bites you but does no damage.
You climb downwards.
A worker ant comes into view.
The worker ant twitches its antennae in your direction.
There is a stone staircase leading up here.
You barely miss the adder.
The adder is severely wounded.
You feel sick.
You are no longer poisoned.
The jackal bites you.
The jackal bites you but does no damage.
The adder bites you. You block the jackal's attack.
The jackal bites you but does no damage. x2
The adder bites you.
The jackal bites you but does no damage.
You miss the adder.
The adder is severely wounded.
You block the jackal's attack.
The jackal bites you but does no damage. x2
The adder bites you. The jackal bites you. The jackal bites you.
The jackal bites you but does no damage.
The adder barely misses you.
Drink which item? (? for menu, Esc to quit)
It was a potion of curing.
You feel better.
The jackal bites you but does no damage.
You block the jackal's attack.
The jackal bites you but does no damage.
The adder bites you.
The jackal bites you but does no damage. x2
Drink which item? (? for menu, Esc to quit)
It was a potion of cure mutation.
It has a very clean taste.
The jackal bites you. The adder bites you.
You die...

######## #
#....hh#.#
#...ah@Sb#
##########


You could see a worker ant, an adder, a vampire bat and 3 jackals.

Action                   |  1- 3 |  4- 6 || total
-------------------------+-------+-------++-------
Melee: Flail             |   104 |   100 ||   204
 Abil: Spit Poison       |     2 |     2 ||     4
  Use: Potion            |       |     2 ||     2
       Scroll            |       |     1 ||     1
  Eat: Chunk             |     3 |     3 ||     6

Notes
Turn   | Place    | Note
--------------------------------------------------------------
     0 | D:1      | Duffy the Naga Fighter began the quest for the Orb.
     0 | D:1      | Reached XP level 1. HP: 21/21 MP: 1/1
   309 | D:1      | Reached XP level 2. HP: 22/28 MP: 2/2
   480 | D:1      | Reached skill level 3 in Maces & Flails
   922 | D:1      | Reached XP level 3. HP: 34/34 MP: 3/3
  1964 | D:2      | Reached skill level 4 in Maces & Flails
  1973 | D:2      | Found a shattered altar of Ashenzari.
  1978 | D:2      | Became a worshipper of Ashenzari the Shackled
  2138 | D:2      | Reached XP level 4. HP: 37/42 MP: 4/4
  2206 | D:2      | Found a basalt altar of Yredelemnul.
  3024 | D:3      | Noticed nubinia's ghost (amateur DsNe)
  3772 | D:4      | Slain by an adder

Vault maps used:
D:1:      dpeg_arrival_boxes_within_box, corexii_item_surrounded_by_moat
D:2:      yredelemnul_altar_generic, evilmike_ruin_ashenzari,
          minmay_misc_feat_x, serial_bayou_pond_c, hex_medium
D:3:      kennysheep_six_static_rooms, roderic_batcave
D:4:      hangedman_ru_absence

Vanquished Creatures
  A gnoll
  2 adders
  2 oozes
  2 worms
  5 giant geckos
  3 ball pythons
  4 giant cockroaches
  6 goblins
  5 hobgoblins
  8 bats
  2 giant newts
  10 kobolds
  10 rats
60 creatures vanquished.
